 Dungeon Crawl Stone Soup version 0.18.1-1-g2f07953 (webtiles) character file.

129 EveningNews the Cudgeler (level 5, -9/51 HPs)
             Began as a Gargoyle Berserker on May 6, 2016.
             Was a Believer of Trog.
             Mangled by an orc warrior
             ... wielding a +0 glaive
              (22 damage)
             ... on level 3 of the Dungeon.
             The game lasted 00:04:03 (1887 turns).

EveningNews the Cudgeler (Gargoyle Berserker)       Turns: 1887, Time: 00:04:04

Health: -9/51      AC:  8    Str: 26    XL:     5   Next: 12%
Magic:  5/5        EV: 12    Int:  7    God:    Trog [**....]
Gold:   118        SH:  0    Dex: 10    Spells: 0 memorised, 4 levels left

rFire  . . .     SeeInvis .     a - +0 mace
rCold  . . .     Gourm    .     b - +0 animal skin
rNeg   + . .     Faith    .     (no shield)
rPois  ∞         Spirit   .     (no helmet)
rElec  +         Dismiss  .     (no cloak)
rCorr  .         Reflect  .     s - +0 pair of gloves
SustAt .         Harm     .     r - +0 pair of boots
MR     .....                    (no amulet)
Stlth  ..........               (no ring)
                                (no ring)

@: berserking, very quick, not resistant to hostile enchantments, extremely
unstealthy
A: negative energy resistance 1, electricity resistance, unbreathing,
petrification resistance, rot immunity, AC +4
a: Berserk, Trog's Hand, Burn Spellbooks, Renounce Religion


You were on level 3 of the Dungeon.
You worshipped Trog.
Trog was pleased with you.
You were not hungry.

You visited 1 branch of the dungeon, and saw 3 of its levels.

You collected 118 gold pieces.

Inventory:

Hand Weapons
 a - a +0 mace (weapon)
 i - a +0 hunting sling
Missiles
 p - 59 arrows
 q - 49 sling bullets
Armour
 b - a +0 animal skin (worn)
 r - a +0 pair of boots (worn)
 s - a +0 pair of gloves (worn)
Scrolls
 d - a scroll of amnesia {unknown}
 e - a scroll of magic mapping {unknown}
 k - 4 scrolls of identify {unknown}
 l - a scroll of enchant armour {unknown}
 m - a scroll of noise {unknown}
 o - 2 scrolls of remove curse {unknown}
 u - a scroll of enchant weapon {unknown}
Potions
 f - 2 potions of curing {unknown}
 g - a potion of agility {unknown}
 h - 2 potions of brilliance {unknown}
 t - a potion of haste {unknown}
 v - a potion of magic {unknown}
 w - a potion of heal wounds {unknown}
Books
 x - a book of Conjurations

   Spells                             Type                      Level
   a - Magic Dart                     Conjuration                  1
   b - Searing Ray                    Conjuration                  2
   c - Dazzling Spray                 Conjuration/Hexes            3
   d - Fulminant Prism                Conjuration/Hexes            4
   e - Iskenderun's Mystic Blast      Conjuration                  4
   f - Iskenderun's Battlesphere      Conjuration/Charms           5
   Trog disapproves of the use of such an item.
Comestibles
 c - 6 bread rations
 j - 2 fruits
 n - 2 beef jerkies


   Skills:
 + Level 4.7 Fighting
 + Level 4.7 Maces & Flails
 - Level 2.1 Armour
 - Level 1.5 Dodging


You had 4 spell levels left.
You didn't know any spells.

Dungeon Overview and Level Annotations

Branches:
Dungeon (3/15)

Altars:
Makhleb
Okawaru
Trog
Vehumet


Innate Abilities, Weirdness & Mutations

You are resistant to torment.
Your stone body is resilient (AC +4).
You are immune to poison.
You resist negative energy.
You are resistant to electric shocks.
You can survive without breathing.
You are immune to petrification.
You are immune to rotting.


Message History

You barely miss the orc warrior. The orc warrior barely misses you.
You completely miss the orc warrior. The orc warrior hits you with a glaive!
The orc wizard gestures wildly while chanting.
The orc wizard blinks!
You closely miss the orc warrior. The orc priest barely misses you.
The orc warrior hits you with a glaive.
You hit the orc warrior.
The orc warrior is lightly wounded.
The orc priest casts a cantrip, but nothing happens.
The orc wizard gestures wildly while chanting.
The orc wizard seems to speed up.
The orc warrior hits you with a glaive!
* * * LOW HITPOINT WARNING * * *
The orc wizard casts a spell.
The orc wizard blinks!
The orc priest hits you but does no damage.
A red film seems to cover your vision as you go berserk!
You feel yourself moving faster!
You feel mighty!
You feel somewhat more hungry.
The orc warrior hits you with a glaive!!
You die...

###...#....#..##.#......
###.#....'....<#(.....
#.#....#.#####......
#........# #......
###....#.# #######
#....#.# #.####.#
#.#########
######@#.........
#....oo##...#...#
#.....o...o......
#.^....##...#...#
#......#......).§
#......#########
#.....## #.....# #######


You could see an orc warrior, an orc priest and an orc wizard.

Vanquished Creatures
  A hound (D:2)
  4 adders
  3 oozes
  A worm (D:3)
  A dart slug (D:2)
  A giant gecko (D:3)
  An orc (D:3)
  3 giant cockroaches
  3 goblins
  2 hobgoblins (D:3)
  4 jackals (D:2)
  7 kobolds
  9 bats
  3 giant newts
  4 rats
47 creatures vanquished.

Notes
Turn   | Place    | Note
--------------------------------------------------------------
     0 | D:1      | EveningNews the Gargoyle Berserker began the quest for the Orb.
     0 | D:1      | Reached XP level 1. HP: 14/14 MP: 1/1
   258 | D:1      | Reached XP level 2. HP: 19/19 MP: 2/2
   688 | D:2      | Reached XP level 3. HP: 24/24 MP: 3/3
   847 | D:2      | Found an iron altar of Okawaru.
   863 | D:2      | Reached ** piety under Trog
   986 | D:2      | Reached XP level 4. HP: 11/29 MP: 4/4
  1415 | D:2      | Found a burning altar of Makhleb.
  1562 | D:2      | Found a bloodstained altar of Trog.
  1720 | D:3      | Reached XP level 5. HP: 27/34 MP: 5/5
  1778 | D:3      | Found a radiant altar of Vehumet.
  1874 | D:3      | Noticed an orc warrior
  1887 | D:3      | Mangled by an orc warrior

Skill      XL: |  1  2  3 |
---------------+----------+-----
Fighting       | 4 |  4.7
Maces & Flails | 4 |  4.7
Armour         | |  2.1
Dodging        | |  1.5

Action                   |  1- 3 |  4- 6 || total
-------------------------+-------+-------++-------
Melee: Mace              |    99 |    70 ||   169
Invok: Berserk           |       |     1 ||     1
 Stab: Sleeping          |     1 |     1 ||     2
  Eat: Fruit             |       |     3 ||     3
       Chunk             |       |     1 ||     1
Armor: Animal skin       |    46 |    15 ||    61
Dodge: Dodged            |    98 |    48 ||   146
